 Dungeon Crawl Stone Soup version 0.30-a0-1112-gfb780f5df6 (webtiles) character file.

Game seed: 7207646513781022037

40 fozzywoppz the Shield-Bearer (level 3, -1/24 HPs)
             Began as a Gargoyle Fighter on Apr 19, 2023.
             Slain by an orc
             ... wielding a +0 flail
              (6 damage)
             ... on level 3 of the Dungeon.
             The game lasted 00:02:31 (1131 turns).

fozzywoppz the Shield-Bearer (Gargoyle Fighter)     Turns: 1131, Time: 00:02:31

Health: -1/24      AC: 10    Str: 19    XL:     3   Next: 50%
Magic:  3/3        EV:  9    Int:  8    God:
Gold:   147        SH:  4    Dex: 11    Spells: 2/2 levels left

rFire   . . .      SeeInvis .    a - +0 flail
rCold   . . .      Faith    .    c - +0 buckler
rNeg    + . .      Spirit   .    b - +0 scale mail
rPois   ∞          Reflect  .    (no helmet)
rElec   +          Rampage  .    (no cloak)
rCorr   .                        (no gloves)
Will    .....                    (no boots) Stlth
                                 (no amulet)
HPRegen 0.24/turn                (no ring)
MPRegen 0.08/turn                (no ring)

@: no status effects
A: sickness immunity, AC +3, negative energy resistance 1, electricity
resistance, torment resistance 1, petrification resistance
a: no special abilities


You were on level 3 of the Dungeon.
You visited 1 branch of the dungeon, and saw 3 of its levels.

You collected 147 gold pieces.

Inventory:

Hand Weapons
 a - a +0 flail (weapon)
Armour
 b - a +0 scale mail (worn)
 c - a +0 buckler (worn)
Jewellery
 j - a ring of magical power
 k - a ring of see invisible
Scrolls
 g - a scroll of amnesia {unknown}
 h - a scroll of fog {unknown}
 l - a scroll of vulnerability {unknown}
Potions
 d - a potion of might
 e - a potion of cancellation {unknown}
 f - 3 potions of curing {unknown}
 i - a potion of berserk rage {unknown}
 m - a potion of attraction {unknown}


   Skills:
 + Level 3.7 Fighting
 + Level 2.4 Maces & Flails
 + Level 3.7 Armour
 + Level 3.8 Shields


You had 2 spell levels left.
You didn't know any spells.
Your spell library contained the following spells:

 Spells                   Type           Power      Damage    Failure   Level
 Frozen Ramparts          Ice            0%         1d1       99%         3
 Ice Form                 Ice/Tmut       0%         N/A       100%        4
 Summon Ice Beast         Ice/Summ       0%         N/A       100%        4


Dungeon Overview and Level Annotations

Branches:
Dungeon (3/15)

Altars:
Nemelex Xobeh


Innate Abilities, Weirdness & Mutations

You are immune to sickness and miasma.
Your stone body is resilient. (AC +3)
You are immune to poison.
You resist negative energy. (rN+)
You are resistant to electric shocks. (rElec)
You are resistant to unholy torment.
You are immune to petrification.


Message History

The orc attacks as you move away! The orc hits you with a +0 hand axe.
The rat attacks as you move away! The rat barely misses you.
You hit the rat.
You kill the rat!
You barely miss the orc. The orc closely misses you.
You completely miss the orc. You barely miss the orc.
You block the orc's attack.
You barely miss the orc. The orc hits you but does no damage.
You barely miss the orc. The orc hits you but does no damage.
You sock the orc!
You kill the orc!
The orc hits you but does no damage.
You closely miss the orc. The orc completely misses you.
You barely miss the orc. The orc hits you but does no damage.
The orc closely misses you.
You barely miss the orc. You block the orc's attack.
You hit the orc but do no damage. You block the orc's attack.
You thump the orc!
You kill the orc!
The orc hits you with a +0 hand axe.
You sock the orc!
You kill the orc!
You hit the orc but do no damage. The orc closely misses you.
You hit the orc.
The orc is heavily wounded.
The orc barely misses you. The orc hits you but does no damage.
You completely miss the orc.
The orc is heavily wounded.
You block the orc's attack.
You hit the orc but do no damage.
The orc is heavily wounded.
The orc hits you with a +0 flail!
* * * LOW HITPOINT WARNING * * *
You hit the orc but do no damage.
The orc is heavily wounded.
The orc hits you but does no damage. The orc barely misses you.
You hit the orc.
The orc is severely wounded.
The orc hits you with a +0 flail.
You die...

#..... .. ......
..... #.. .......
##..# #.###...#...
##...##
##...........
......#
##...o.o......
......###......#
..............##
<..............####
......##.##.##.o@.#
#....#...#).#####.#
..#..#.....## ..#
.#...#...### #.#
#...##...# .#
.......).# .#
.........# #
.........#
#..........


You could see an orc.

Vanquished Creatures
  A worm (D:3)
  2 dart slugs (D:1)
  3 orcs (D:3)
  2 endoplasms
  3 giant cockroaches
  3 goblins
  A hobgoblin (D:1)
  5 kobolds
  5 ball pythons
  A bat (D:2)
  A frilled lizard (D:1)
  2 rats
29 creatures vanquished.

Notes
Turn   | Place    | Note
-------+----------+-------------------------------------------
     0 | D:1      | fozzywoppz the Gargoyle Fighter began the quest for the
                  | Orb.
     0 | D:1      | Reached XP level 1. HP: 14/14 MP: 1/1
   204 | D:1      | Reached XP level 2. HP: 19/19 MP: 2/2
   603 | D:2      | Found a sparkling altar of Nemelex Xobeh.
   830 | D:2      | Reached XP level 3. HP: 22/23 MP: 3/3
  1131 | D:3      | Slain by an orc

Illustrated notes

Levels and vault maps discovered:
D:1:      saegor_arrival_simple_d, layout_loops_ring
D:2:      layout_rooms, basic_altar, minmay_misc_feat_square
D:3:      layout_rooms, lemuel_coloured_pillars_altar

Action                     || total
---------------------------++-------
  Melee: Flail             ||    81
 Armour: Scale mail        ||    30
  Dodge: Dodged            ||    47
  Block: Buckler           ||    18

Table legend: (Time is in decaauts)
 A = Elapsed time spent in this place.
 B = Non-inter-level travel time spent in this place.
 C = Inter-level travel time spent in this place.
 D = Time resting spent in this place.
 E = Time spent auto-exploring this place.
 F = Levels seen in this place.
 G = Mean time per level.
                   A        B        C        D        E       F      G
               +--------+--------+--------+--------+--------+-----+--------+
         Total |   1156 |   1130 |     26 |      0 |    830 |   3 |  385.3 |
       Dungeon |   1156 |   1130 |     26 |      0 |    830 |   3 |  385.3 |
               +--------+--------+--------+--------+--------+-----+--------+

Top non-repeatable levels by time:
     D:1: 609 daAuts
     D:2: 452 daAuts
     D:3: 94 daAuts
